 Dungeon Sprint DCSS version 0.23.1 (webtiles) character file.

Game seed: 4958298992200510253

5574 wilfster70 the Unseen (level 10, -5/44 HPs)
             Began as a Spriggan Enchanter on Mar 8, 2019.
             Was a High Priest of Dithmenos.
             Killed by an exploding ballistomycete spore (26 damage)
             ... in the Dungeon (Sprint I: "Red Sonja").
             The game lasted 00:09:15 (966 turns).

wilfster70 the Unseen (Spriggan Enchanter)           Turns: 966, Time: 00:09:15

Health: -5/44      AC:  7    Str:  4    XL:     10   Next: 44%
Magic:  26/26      EV: 23    Int: 20    God:    Dithmenos [*****.]
Gold:   259        SH:  0    Dex: 17    Spells: 24/31 levels left

rFire    . . .     SeeInvis +   a - +1 dagger
rCold    . . .     Gourm    .   q - +0 buckler (curse)
rNeg     . . .     Faith    .   o - +0 troll leather armour
rPois    +         Spirit   .   (helmet restricted)
rElec    .         Reflect  .   m - +2 cloak {rPois}
rCorr    .         Harm     .   (gloves unavailable)
MR       +....     NoTele   +   (boots unavailable)
Stlth    +++.......             (no amulet)
HPRegen  0.54/turn              (no ring)
MPRegen  0.20/turn              (no ring)

@: confused, wreathed by umbra, very quick
A: very small, unfitting armour, see invisible, herbivore, speed 3, slow
metabolism 2
a: Shadow Step, Shadow Form, Renounce Religion


You were in the Dungeon.
You worshipped Dithmenos.
Dithmenos was extremely pleased with you.
You were not hungry.

You visited 1 branch You collected 1054 gold pieces.
You spent 795 gold pieces at shops.

Inventory:

Hand Weapons
 a - a +1 dagger (weapon)
 b - a +0 blowgun
 n - a +2 short sword of venom
Missiles
 i - 7 curare-tipped needles
Armour
 m - a +2 cloak of poison resistance (worn)
 o - a +0 troll leather armour (worn)
 p - a +2 robe of magic resistance
 q - a cursed +0 buckler (worn)
Wands
 c - a wand of flame (12)
 k - a wand of random effects (22)
 t - a wand of acid (12)
Scrolls
 j - a scroll of blinking
 r - a scroll of identify {unknown}
Potions
 e - a potion of curing
 f - a potion of heal wounds
 g - a potion of haste
 h - 2 potions of magic
 l - a potion of flight {unknown}
 s - a potion of agility {unknown}
Comestibles
 d - 3 rations


   Skills:
 - Level 10.0 Short Blades
 - Level 11.8 Throwing
 + Level 9.5 Dodging
 + Level 15.3 Stealth
 * Level 6.8 Shields
 - Level 11.1 Spellcasting
 - Level 10.1 Hexes
 - Level 6.0 Ice Magic


You had 24 spell levels left.
You knew the following spells:

 Your Spells              Type           Power        Failure   Level  Hunger
a - Corona                Hex            ######.      1%          1    None
b - Ensorcelled Hibernat  Hex/Ice        #####.       1%          2    None
c - Confuse               Hex            ######..     1%          3    None
d - Confusing Touch       Hex            ######       1%          1    None

Your spell library contained the following spells:

 Spells                   Type           Power        Failure   Level  Hunger
 Tukima's Dance           Hex            ######..     1%          3    None
 Dazzling Spray           Conj/Hex       ####..       4%          3    None
 Animate Skeleton         Necr           N/A          12%         1    None
 Apportation              Tloc           ##....       12%         1    None
 Summon Small Mammal      Summ           ##..         12%         1    None


Dungeon Overview and Level Annotations

Branches:
Dungeon (1/1)

Altars:
Cheibriados
Dithmenos
Elyvilon
Fedhas
Gozag
Hepliaklqana
Kikubaaqudgha
Nemelex Xobeh
Okawaru
Qazlal
Ru
Sif Muna
Trog
Uskayaw
Vehumet
Wu Jian
Yredelemnul
Zin
The Shining One

Shops:
D }}!}*%%}(%%(?[:[%


Innate Abilities, Weirdness & Mutations

You are very small and have problems with some larger weapons.
You are too small for most types of armour.
You have supernaturally acute eyesight. (SInv)
You are a herbivore.
You cover ground extremely quickly.
You need to consume almost no food.


Message History

There is an open door here.
You open the door.
There is an open door here.
Found Lets's Gadget Boutique.
There is an open door here.
You open the door. 2 ballistomycete spores come into view.
Found four items.
The ballistomycete spore waves its rhizomes.
The ballistomycete spore explodes!
The explosion of spores engulfs you!!
You are confused.
Ouch! That really hurt!
You emit a cloud of dark smoke.
A fungus suddenly grows.
The explosion of spores engulfs the ballistomycete spore!
The ballistomycete spore explodes!
The explosion of spores engulfs you!!
You are more confused.
Ouch! That really hurt!
You die...

#..#_____##'#_.+§≈≈§§'..#
#⌠⌠#_.∩..÷'..._#(≈(§.#§§#
####_..__##_.#'##'#####'###
#_____###'#(#....###.'.#
############.####'###[###.#
#∩........'...'..[..'(∩##.#
###++++####...###########§#
##§###....§§§##§# #@#
#....§§§§§§#
#$§§§$#.§.######§#
#$)P?§#...§....#.#
#######..§§...#§§#
#[..(....§..≈####
#.........§≈≈#
##.......≈≈≈## ###..§≈≈≈###
###'######'###


There were no monsters in sight!

Vanquished Creatures
  2 centaur warriors (D)
  Sonja (D)
  2 unseen horrors (D)
  A deep troll (D)
  An oklob plant (D)
  A hornet (D)
  Sigmund (D)
  2 redbacks (D)
  A yak (D)
  A floating eye (D)
  7 necrophages (D)
  An ogre (D)
  8 jellies (D)
  Ijyb (D)
30 creatures vanquished.

Vanquished Creatures (others)
  A gargoyle (D)
1 creature vanquished.

Grand Total: 31 creatures vanquished

Notes
Turn   | Place    | Note
-------+----------+-------------------------------------------
     0 | D        | wilfster70 the Spriggan Enchanter began the quest for the
                  | Orb.
     0 | D        | Reached XP level 1. HP: 9/9 MP: 5/5
     2 | D        | Noticed Ijyb
    10 | D        | Killed Ijyb
    10 | D        | Reached skill level 6 in Stealth
    10 | D        | Reached skill level 5 in Hexes
    10 | D        | Reached XP level 2. HP: 13/13 MP: 6/8
    51 | D        | Learned a level 2 spell: Ensorcelled Hibernation
    53 | D        | Noticed an ogre
    55 | D        | Killed an ogre
    55 | D        | Reached skill level 8 in Stealth
    55 | D        | Reached skill level 5 in Spellcasting
    55 | D        | Reached XP level 3. HP: 16/16 MP: 9/11
    55 | D        | Reached XP level 4. HP: 21/21 MP: 9/12
    60 | D        | Learned a level 3 spell: Confuse
    80 | D        | Noticed Sigmund
    84 | D        | Killed Sigmund
    84 | D        | Reached skill level 9 in Stealth
    84 | D        | Reached XP level 5. HP: 24/24 MP: 10/15
    84 | D        | Reached XP level 6. HP: 28/28 MP: 11/17
   134 | D        | Found a deep blue altar of Sif Muna.
   135 | D        | Found an ornate altar of the Wu Jian Council.
   136 | D        | Found a radiant altar of Vehumet.
   140 | D        | Reached skill level 10 in Stealth
   155 | D        | Found Mozaes Lexef's Gadget Emporium.
   155 | D        | Found an ancient bone altar of Kikubaaqudgha.
   155 | D        | Found a hazy altar of Hepliaklqana.
   155 | D        | Found a hide-covered altar of Uskayaw.
   155 | D        | Found a basalt altar of Yredelemnul.
   155 | D        | Found an opulent altar of Gozag.
   155 | D        | Found a snail-covered altar of Cheibriados.
   155 | D        | Found a sacrificial altar of Ru.
   155 | D        | Found a shadowy altar of Dithmenos.
   155 | D        | Noticed a yak
   156 | D        | Found a stormy altar of Qazlal.
   156 | D        | Found a blossoming altar of Fedhas.
   156 | D        | Found a bloodstained altar of Trog.
   156 | D        | Found an iron altar of Okawaru.
   156 | D        | Found a glowing golden altar of the Shining One.
   156 | D        | Found a glowing silver altar of Zin.
   156 | D        | Found a white marble altar of Elyvilon.
   157 | D        | Killed a yak
   157 | D        | Reached skill level 11 in Stealth
   158 | D        | Found a sparkling altar of Nemelex Xobeh.
   164 | D        | Became a worshipper of Dithmenos the Shadowed
   188 | D        | Noticed Sonja
   192 | D        | Killed Sonja
   192 | D        | Reached skill level 12 in Stealth
   192 | D        | Reached skill level 10 in Hexes
   192 | D        | Reached XP level 7. HP: 24/32 MP: 15/21
   277 | D        | Killed a gargoyle
   392 | D        | Noticed a deep troll
   396 | D        | Killed a deep troll
   396 | D        | Reached skill level 10 in Short Blades
   396 | D        | Reached XP level 8. HP: 36/36 MP: 22/24
   424 | D        | Found Vihit's Armour Emporium.
   428 | D        | Bought a +2 cloak of poison resistance for 240 gold pieces
   428 | D        | Bought a +2 robe of magic resistance for 230 gold pieces
   449 | D        | Noticed a centaur warrior
   450 | D        | Noticed a centaur warrior
   454 | D        | Killed a centaur warrior
   454 | D        | Reached * piety under Dithmenos
   454 | D        | Reached XP level 9. HP: 11/39 MP: 22/25
   456 | D        | Killed a centaur warrior
   521 | D        | Bought a cursed +0 buckler for 45 gold pieces
   539 | D        | Reached skill level 1 in Shields
   552 | D        | Noticed an oklob plant
   554 | D        | Killed an oklob plant
   554 | D        | Reached ** piety under Dithmenos
   554 | D        | Reached skill level 5 in Dodging
   554 | D        | Reached skill level 13 in Stealth
   582 | D        | Noticed an unseen horror
   583 | D        | Noticed an unseen horror
   589 | D        | Killed an unseen horror
   589 | D        | Reached skill level 14 in Stealth
   589 | D        | Reached XP level 10. HP: 38/44 MP: 22/26
   591 | D        | Killed an unseen horror
   591 | D        | Reached *** piety under Dithmenos
   591 | D        | Reached skill level 5 in Shields
   683 | D        | Reached **** piety under Dithmenos
   754 | D        | Reached skill level 15 in Stealth
   761 | D        | Reached ***** piety under Dithmenos
   899 | D        | Found Etwa's Gadget Shoppe.
   899 | D        | Found Weroh's Distillery.
   899 | D        | Found Liveof's Assorted Antiques.
   901 | D        | Found Fopnumur's Food Emporium.
   901 | D        | Found Daixe's Food Shop.
   901 | D        | Found Igunerr's Gadget Shoppe.
   901 | D        | Found Zaqihut's Antique Weapon Boutique.
   901 | D        | Found Gopsis's Food Emporium.
   901 | D        | Found Begivaim's Food Shop.
   901 | D        | Found Pekytaj's Weapon Shoppe.
   905 | D        | Found Zof Fups's Magic Scroll Boutique.
   906 | D        | Found Vaad's Book Emporium.
   906 | D        | Found Daicanape's Antique Armour Boutique.
   907 | D        | Found Baumeb Cuse's Food Emporium.
   916 | D        | Bought a book of Cantrips for 280 gold pieces
   918 | D        | Learned a level 1 spell: Confusing Touch
   956 | D        | Found Lets's Gadget Boutique.
   966 | D        | Killed by an exploding ballistomycete spore

Skill      XL: |  1  2  3  4  5  6  7  8  9 10 |
---------------+-------------------------------+-----
Short Blades   | 3 4 6 8 10 | 10.0
Stealth        | 6 8 9 12 14 15 | 15.3
Spellcasting   | 4 5 7 9 11 | 11.1
Hexes          | 5 6 7 10 | 10.1
Ice Magic      | 2 3 6 |  6.0
Throwing       | 4 9 11 | 11.8
Shields        | 4 6 |  6.8
Dodging        | 7 9 |  9.5

Action                   |  1- 3 |  4- 6 |  7- 9 | 10-12 || total
-------------------------+-------+-------+-------+-------++-------
Melee: Dagger            |     7 |     4 |     8 |    36 ||    55
 Cast: Ensorcelled Hiber |       |     4 |     6 |     9 ||    19
       Confuse           |       |       |       |     6 ||     6
  Use: Potion            |     1 |       |       |       ||     1
       Scroll            |       |       |     2 |       ||     2
 Stab: Sleeping          |     1 |     4 |     8 |    10 ||    23
       Confused          |       |       |       |     6 ||     6
Armor: Troll leather arm |       |       |       |     3 ||     3
Dodge: Dodged            |     6 |     1 |     7 |    13 ||    27
Block: Buckler           |       |       |       |     4 ||     4
